 Dungeon Crawl Stone Soup version 0.30-a0-939-gc8157cb160 (webtiles) character file.

Game seed: 4320690701573393039

145 Anno the Scratcher (level 5, -4/25 HPs)
             Began as a Felid Transmuter on Mar 25, 2023.
             Slain by a lemure (7 damage)
             ... led by Pikel
             ... on level 3 of the Dungeon.
             The game lasted 00:11:09 (2449 turns).

Anno the Scratcher (Felid Transmuter)               Turns: 2449, Time: 00:11:10

Health: -4/25      AC:  2    Str:  5 (6)  XL:     5   Next: 6%
Magic:  3/9        EV: 25    Int: 13 (16) God:
Gold:   164        SH:  0    Dex: 19 (22) Spells: 2/8 levels left
                                        Lives:  0   Deaths: 1

rFire   . . .      SeeInvis +      - Unarmed
rCold   . . .      Faith    .    (shield unavailable)
rNeg    . . .      Spirit   .    (body armour unavailable)
rPois   x          Reflect  .    (helmet unavailable)
rElec   .          Rampage  .    (cloak unavailable)
rCorr   .                        (gloves unavailable)
Will    .....                    (boots unavailable)
Stlth   ++                       (no amulet)
HPRegen 0.24/turn                m - ring of wizardry
MPRegen 0.11/turn                i - +5 ring of evasion

@: mighty, spider-form (expiring), wereblooded (expiring)
A: venomous fangs, tiny, (claws 1), (fangs 3), see invisible, (speed 1), (shaggy
fur 1), (stealthy paws), no weapons or thrown items, no armour, multi-lived
a: End Transformation


You were on level 3 of the Dungeon.
You were a venomous arachnid creature.
You visited 1 branch of the dungeon, and saw 4 of its levels.

You collected 164 gold pieces.

Inventory:

Jewellery
 i - a +5 ring of evasion (right front pincers)
 m - a ring of wizardry (left front pincers)
Wands
 o - a wand of acid (3)
Scrolls
 c - a scroll of immolation {unknown}
 e - a scroll of enchant armour {unknown}
 f - 4 scrolls of identify {unknown}
 j - a scroll of enchant weapon {unknown}
 n - a scroll of silence {unknown}
Potions
 a - a potion of lignification
 b - a potion of degeneration
 d - a potion of brilliance {unknown}
 h - a potion of curing {unknown}
 k - a potion of berserk rage {unknown}
 l - a potion of attraction {unknown}


   Skills:
 + Level 3.9 Fighting
 - Level 2.6 Dodging
 + Level 4.9 Unarmed Combat
 - Level 2.0 Spellcasting
 - Level 2.1 Transmutations


You had 2 spell levels left.
You knew the following spells:

 Your Spells              Type           Power      Damage    Failure   Level
a - Beastly Appendage     Tmut           14%        N/A       11%         1
b - Wereblood             Tmut           7%         N/A       14%         2
c - Spider Form           Tmut/Pois      4%         N/A       32%         3

Your spell library contained the following spells:

 Spells                   Type           Power      Damage    Failure   Level
 Necrotise                Necr           4%         1d4       21%         1
 Static Discharge         Conj/Air       2%         2-3/arc   28%         2
 Vampiric Draining        Necr           1%         2d6       45%         3
 Vhi's Electric Charge    Tloc/Air       2%         N/A       45%         3
 Ice Form                 Ice/Tmut       4%         N/A       67%         4
 Agony                    Necr           1%         N/A       98%         5
 Arcjolt                  Conj/Air       0%         1d10      98%         5
 Plasma Beam              Fire/Air       0%         2x1d11    98%         5


Dungeon Overview and Level Annotations

Branches:
Dungeon (4/15)
 Temple: D:4-7

Altars:

Annotations:
D:3 Robin
D:4 exclusion: upstairs, Natasha, Pikel


Innate Abilities, Weirdness & Mutations

You are a venomous arachnid creature.
You have venomous fangs.
You are tiny and dextrous.
Your spellcasting is less reliable in this form.
((You have sharp claws.))
((You have razor-sharp teeth.))
You have supernaturally acute eyesight. (SInv)
((You cover ground quickly. (Speed+)))
((You are covered in fur. (AC +1)))
((Your paws help you pounce on unaware monsters.))
You are incapable of wielding weapons or throwing items.
You cannot wear armour.
You gain extra lives every three experience levels.


Message History

You hiss as the wereblood boils in your veins!
Your transformation has ended.
The lemure misses you. x2; The lemure barely misses you.
Casting: Wereblood (safe; 5% risk of failure)
Confirm with . or Enter, or press ? or * to list all spells.
The spell is quite dangerous to miscast (16% risk of failure)!
Continue anyway?
You turn into a venomous arachnid creature.
The lemure hits you. The lemure completely misses you.
The lemure closely misses you.
You hit the lemure.
The lemure looks as sick as possible!
The lemure is moderately wounded.
The lemure hits you! The lemure barely misses you. The lemure hits you!
* * * LOW HITPOINT WARNING * * *
You hit the lemure but do no damage.
The lemure looks as sick as possible!
The lemure is heavily wounded.
The lemure misses you. The lemure closely misses you. The lemure misses you.
It was a potion of degeneration.
There was something very wrong with that liquid.
You feel weakened.
You feel dopey.
You feel clumsy. The lemure completely misses you.
The lemure closely misses you. The lemure completely misses you.
Robin says, "We wiped out the hill dwarves - you're next!"
It was a potion of might.
You feel very mighty all of a sudden.
You hiss as the wereblood boils in your veins!
The lemure misses you. The lemure completely misses you. The lemure misses you.
You hit the lemure.
The lemure is almost dead.
The lemure misses you. The lemure completely misses you. The lemure misses you.
You hit the lemure.
You kill the lemure!
That felt strangely unrewarding.
Your transformation is almost over.
Your primal bloodlust is almost over.
The lemure hits you.
* * * LOW HITPOINT WARNING * * *
The lemure closely misses you.
Okay, then.
The lemure completely misses you. The lemure attacks as you move away!
The lemure hits you!
You die...

##.#..# #.##.......<.
#....##############.###....####
#.#......<...#..........#.## ##
###..............####[#####.#
#. ................## #.# #..#
##. ...............## #.#
#.####.. ...............#
#.####.#....#
...............####
#.##...#.####
######..........s5###....#...#
#.........##5g.....##.###
#.........####.#.#....##
#.....###....†.........##
#.....##..###.....####..##
#........## #..#### ##..###
#(.....#################....
#[..........................
#.....######################


You could see 2 lemures and Robin.

Vanquished Creatures
  A lemure (D:3)
  A hound (D:3)
  Ijyb (D:3)
  An iguana (D:4)
  An orc wizard (D:3)
  2 adders
  3 worms
  2 dart slugs (D:1)
  4 orcs (D:3)
  7 endoplasms
  4 giant cockroaches
  7 goblins
  3 hobgoblins
  3 jackals (D:1)
  5 kobolds
  5 ball pythons
  7 bats
  2 frilled lizards (D:1)
  4 rats
63 creatures vanquished.

Notes
Turn   | Place    | Note
-------+----------+-------------------------------------------
     0 | D:1      | Anno the Felid Transmuter began the quest for the Orb.
     0 | D:1      | Reached XP level 1. HP: 9/9 MP: 4/4
   260 | D:1      | Reached XP level 2. HP: 8/12 MP: 6/6
   338 | D:2      | Learned a level 2 spell: Wereblood
   754 | D:1      | Reached XP level 3. HP: 14/16 MP: 5/7
   843 | D:1      | Learned a level 3 spell: Spider Form
  1608 | D:3      | Noticed Ijyb
  1665 | D:3      | Reached skill level 4 in Unarmed Combat
  1699 | D:3      | Reached XP level 4. HP: 11/20 MP: 6/8
  2071 | D:3      | Killed from afar by Ijyb
  2072 | D:3      | Reached XP level 3. HP: -4/17 MP: 5/7
  2085 | D:3      | Killed Ijyb
  2086 | D:3      | Reached XP level 4. HP: 21/21 MP: 8/8
  2105 | D:4      | Noticed Pikel
  2105 | D:4      | Noticed a lemure
  2105 | D:4      | Noticed a lemure
  2105 | D:4      | Noticed a lemure
  2105 | D:4      | Noticed Robin
  2105 | D:4      | Noticed Natasha
  2106 | D:4      | Noticed a lemure
  2358 | D:4      | Reached XP level 5. HP: 25/25 MP: 5/9
  2447 | D:3      | Killed a lemure
  2449 | D:3      | Slain by a lemure

Illustrated notes

Levels and vault maps discovered:
D:1:      co_arrival_square_in_a_square_in_a_square, layout_loops_ring
D:2:      layout_loops_ring
D:3:      layout_rooms, uniq_ijyb
D:4:      kennysheep_the_goblin_king, layout_cave_pools,
          nicolae_kite_square_tiling_tiny, uniq_pikel, uniq_robin, uniq_natasha

Skill      XL: |  1  2  3  4 |
---------------+-------------+-----
Fighting       | 2 3 |  3.9
Unarmed Combat | 4 |  4.9
Dodging        | |  2.6
Spellcasting   | |  2.0
Transmutations | |  2.1

Action                     |  1- 3 |  4- 6 || total
---------------------------+-------+-------++-------
  Melee: Unarmed           |   100 |    60 ||   160
         Headbutt          |    19 |     3 ||    22
         Bite              |     6 |     4 ||    10
         Punch             |     2 |     1 ||     3
   Cast: Beastly Appendage |    16 |     3 ||    19
         Wereblood         |     2 |     2 ||     4
         Spider Form       |       |     6 ||     6
    Use: Potion            |       |     2 ||     2
   Stab: Sleeping          |     2 |     2 ||     4
 Armour: Skin              |     5 |     3 ||     8
  Dodge: Dodged            |    62 |    83 ||   145

Table legend: (Time is in decaauts)
 A = Elapsed time spent in this place.
 B = Non-inter-level travel time spent in this place.
 C = Inter-level travel time spent in this place.
 D = Time resting spent in this place.
 E = Time spent auto-exploring this place.
 F = Levels seen in this place.
 G = Mean time per level.
                   A        B        C        D        E       F      G
               +--------+--------+--------+--------+--------+-----+--------+
         Total |   2060 |   1939 |    121 |    151 |    697 |   4 |  515.0 |
       Dungeon |   2060 |   1939 |    121 |    151 |    697 |   4 |  515.0 |
               +--------+--------+--------+--------+--------+-----+--------+

Top non-repeatable levels by time:
     D:2: 693 daAuts
     D:1: 678 daAuts
     D:3: 586 daAuts
     D:4: 102 daAuts
